 Dungeon Crawl Stone Soup version 0.20.1-1-g8b1a95d (webtiles) character file.

7297 Inarius the Black Sun (level 10, -13/76 HPs)
             Began as a Demonspawn Necromancer on July 15, 2017.
             Was a High Priest of Kikubaaqudgha.
             Killed from afar by Harold (35 damage)
             ... with a bolt of fire
             ... on level 11 of the Dungeon on July 16, 2017.
             The game lasted 00:56:31 (12761 turns).

Inarius the Black Sun (Demonspawn Necromancer)     Turns: 12761, Time: 00:56:32

Health: -13/76     AC: 14    Str:  8    XL:     10   Next: 89%
Magic:  6/21       EV: 13    Int: 19    God:    Kikubaaqudgha [*****.]
Gold:   470        SH:  5    Dex: 17    Spells: 1/24 levels left

rFire    . . .     SeeInvis .   U - +8 dagger of Responsibility {flame, rN+++ Dex+2 Stlth-}
rCold    . . .     Gourm    .   L - +0 buckler
rNeg     + + +     Faith    +   C - +3 leather armour
rPois    .         Spirit   .   (helmet restricted)
rElec    .         Reflect  .   Y - +0 cloak {MR+}
rCorr    .         Harm     .   w - +2 pair of gloves
MR       +++..     Clarity  +   (no boots)
Stlth    +.........             l - amulet of faith
Regen    0.3/turn               W - ring of protection from magic
MPRegen  0.2/turn               V - ring of protection from magic

@: no status effects
A: antennae 1, icy blue scales 2, clarity, foul stench 1, powered by death 2,
shaggy fur 1, rot immunity
a: Receive Corpses, Torment, Renounce Religion


You were on level 11 of the Dungeon.
You worshipped Kikubaaqudgha.
Kikubaaqudgha was extremely pleased with you.
You were not hungry.

You visited 1 branch of the dungeon, and saw 11 of its levels.

You collected 470 gold pieces.

Inventory:

Hand Weapons
 G - the +6 rapier of Grontol {pierce, Dex+4}
   (You found it on level 5 of the Dungeon)

   It inflicts extra damage upon your enemies.
   It affects your dexterity (+4).
 U - the +8 dagger of Responsibility (weapon) {flame, rN+++ Dex+2 Stlth-}
   (You found it on level 8 of the Dungeon)

   It has been specially enchanted to burn those struck by it, causing extra
   injury to most foes and up to half again as much damage against particularly
   susceptible opponents.
   It affects your dexterity (+2).
   It renders you almost immune to negative energy.
   It makes you less stealthy.
Armour
 e - a +2 chain mail of positive energy
 w - a +2 pair of gloves (worn)
 C - a +3 leather armour (worn)
 L - a +0 buckler (worn)
 Y - a +0 cloak of magic resistance (worn)
Jewellery
 l - an amulet of faith (around neck)
 u - an uncursed ring of poison resistance
 N - an uncursed amulet of regeneration {unknown}
 O - an uncursed ring of ice
 V - a ring of protection from magic (right hand)
 W - a ring of protection from magic (left hand)
Wands
 b - a wand of digging (1/24)
 f - a wand of lightning (5/15)
 x - a wand of polymorph (10/24)
 B - a wand of random effects (25/48)
 H - a wand of clouds (5/9)
 K - a wand of acid (2/15)
 Q - a wand of polymorph (13/24)
 R - a wand of flame (34/48)
 X - a wand of random effects (23/48)
Scrolls
 d - 3 scrolls of remove curse
 h - 6 scrolls of blinking
 j - a scroll of enchant weapon {unknown}
 q - a scroll of noise {unknown}
 r - 3 scrolls of magic mapping {unknown}
 s - 2 scrolls of fear {unknown}
 t - 2 scrolls of summoning {unknown}
 v - 4 scrolls of teleportation {unknown}
 P - a scroll of enchant armour {unknown}
Potions
 a - 4 potions of curing
 g - 4 potions of lignification
 k - a potion of invisibility
 m - 5 potions of heal wounds
 n - a potion of haste
 p - 2 potions of might
 D - a potion of cancellation
 E - a potion of degeneration {unknown}
 I - a potion of mutation
 J - a potion of brilliance
 M - a potion of resistance {unknown}
 S - a potion of flight {unknown}
Books
 o - Sif Muna's Handbook of the Escort
   (You found it on level 3 of the Dungeon)

   Spells                             Type                      Level
   a - Summon Butterflies             Summoning                    1
 y - Kikubaaqudgha's Papyrus of Dark Arts
   (Kikubaaqudgha gifted it to you on level 4 of the Dungeon)

   Spells                             Type                      Level
   a - Animate Skeleton               Necromancy                   1
   b - Corpse Rot                     Necromancy                   2
   c - Sublimation of Blood           Necromancy                   2
   d - Regeneration                   Charms/Necromancy            3
   e - Control Undead                 Necromancy                   4
 T - Kikubaaqudgha's Compendium of Evil
   (Kikubaaqudgha gifted it to you on level 7 of the Dungeon)

   Spells                             Type                      Level
   a - Excruciating Wounds            Charms/Necromancy            5
   b - Agony                          Necromancy                   5
   c - Cigotuvi's Embrace             Necromancy                   5
   d - Dispel Undead                  Necromancy                   5
   e - Simulacrum                     Ice/Necromancy               6
Miscellaneous
 Z - a crystal ball of energy
Comestibles
 c - 11 bread rations
 i - 8 royal jellies
 z - 11 fruits
 A - 8 meat rations
 F - 2 chunks of flesh


   Skills:
 * Level 6.0 Fighting
 + Level 2.4 Short Blades
 + Level 3.1 Armour
 + Level 3.0 Dodging
 - Level 1.7 Stealth
 - Level 4.0 Shields
 - Level 0.1 Unarmed Combat
 + Level 7.9 Spellcasting
 * Level 1.0 Charms
 * Level 11.8 Necromancy
 * Level 3.9 Evocations


You had one spell level left.
You knew the following spells:

 Your Spells              Type           Power        Failure   Level  Hunger
a - Pain                  Necr           ####         1%          1    None
b - Animate Skeleton      Necr           N/A          1%          1    None
c - Vampiric Draining     Necr           ######....   1%          3    None
d - Regeneration          Chrm/Necr      ####......   2%          3    None
e - Animate Dead          Necr           N/A          1%          4    ###....
f - Control Undead        Necr           ######....   1%          4    ###....
g - Sublimation of Blood  Necr           ######....   1%          2    None
h - Dispel Undead         Necr           ######..     2%          5    #####..


Dungeon Overview and Level Annotations

Branches:
Dungeon (11/15)            Temple (0/1) D:7            Lair (0/6) D:10
    Orc (0/2) D:9

Altars:
Cheibriados
Dithmenos
Gozag
Kikubaaqudgha
Makhleb
Qazlal
Ru
Sif Muna
Trog
Uskayaw
Vehumet
Yredelemnul

Portals:
Trove: D:10 (give 15 scrolls of teleportation)

Annotations:
D:3 Inarius's ghost, amateur DsNe
D:10 2 runed doors
D:11 Harold


Innate Abilities, Weirdness & Mutations

You have a pair of small antennae on your head.
You are mostly covered in icy blue scales. (AC +3)
You may emit foul miasma when damaged in melee.
You regenerate health from kills.
You are immune to rotting.
You possess an exceptional clarity of mind.
You are covered in fur. (AC +1)


Message History

Aiming: Vampiric Draining
Press: ? - help, Shift-Dir - straight line, f/p - Harold
Aim: Harold, wielding a hand axe of electrocution and wearing a ring mail (severely wounded) Harold is almost dead.
You feel life coursing into your body. Harold hits you but does no damage.
You are electrocuted!
* * * LOW HITPOINT WARNING * * *
Unknown command.
Unknown command.
Casting: Vampiric Draining
Confirm with . or Enter, or press ? or * to list all spells.
Aiming: Vampiric Draining
Press: ? - help, Shift-Dir - straight line, f/p - Harold
Aim: Harold, wielding a hand axe of electrocution and wearing a ring mail (almost dead) Harold is almost dead.
You feel life coursing into your body. Harold casts a spell at you.
The bolt of fire hits you!
You die...
Kikubaaqudgha rasps: "You have failed me!
Welcome... death!"

#################
..........<.....#
#######.#######.#########
# #.# #(@@......# # #.#
#########.# # #.# #.# #.#
#.# #.# #.# #.# #(# ...
#.# .@. ##..#


You could see Harold.

Vanquished Creatures
  Nergalle (D:10)
  An ugly thing (D:10)
  A komodo dragon (D:10)
  A troll (D:9)
  A spriggan (D:8)
  4 yaks
  3 wargs
  Duvessa (D:4)
  3 orc warriors
  A black bear (D:10)
  A sky beast (D:7)
  8 ogres
  A phantom (D:6)
  3 centaurs
  A crocodile (D:8)
  Blork the orc (D:4)
  5 bullfrogs
  Dowan (D:4)
  4 scorpions
  4 wights
  6 killer bees (D:7)
  A howler monkey (D:7)
  6 crimson imps
  2 quasits (D:8)
  2 bullfrog zombies
  3 jellies
  3 orc priests
  2 hounds
  10 orc wizards
  2 bullfrog skeletons
  2 iguanas
  7 worker ants
  7 adders
  A shadow imp (D:5)
  An adder zombie (D:8)
  An adder skeleton (D:6)
  3 worms (D:2)
  A dart slug (D:1)
  5 leopard geckos
  42 orcs
  3 giant cockroaches
  9 goblins
  8 hobgoblins
  8 jackals
  10 kobolds
  7 quokkas
  8 bats
  8 frilled lizards
  A quokka skeleton (D:8)
  9 rats
  A spectral orc (D:9)
225 creatures vanquished.

Vanquished Creatures (collateral kills)
  A vampire (D:10)
  A hungry ghost (D:10)
  A water moccasin (D:7)
  An orc warrior (D:7)
  A black bear (D:9)
  A sky beast (D:3)
  2 bullfrogs
  A scorpion (D:9)
  5 wights
  A jelly (D:5)
  A bullfrog skeleton (D:8)
  2 orc priests (D:10)
  A centaur skeleton (D:5)
  An iguana (D:9)
  2 orc wizards
  4 worker ants
  2 orcs
  A giant cockroach (D:5)
  2 hobgoblins
  A jackal (D:5)
  A quokka (D:4)
  2 bats
  A leopard gecko zombie (D:7)
  A quokka zombie (D:5)
37 creatures vanquished.

Grand Total: 262 creatures vanquished

Notes
Turn   | Place    | Note
-------+----------+-------------------------------------------
     0 | D:1      | Inarius the Demonspawn Necromancer began the quest for the Orb.
     0 | D:1      | Reached XP level 1. HP: 13/13 MP: 3/3
    56 | D:1      | Learned a level 1 spell: Animate Skeleton
   212 | D:1      | Gained mutation: You are immune to rotting. [demonic ancestry]
   212 | D:1      | Reached XP level 2. HP: 17/20 MP: 0/5
   234 | D:1      | Reached skill level 1 in Fighting
  1251 | D:1      | Gained mutation: You are partially covered in icy blue scales. (AC +2) [demonic ancestry]
  1251 | D:1      | Reached XP level 3. HP: 24/26 MP: 3/6
  1817 | D:2      | Learned a level 3 spell: Vampiric Draining
  1905 | D:2      | Found an opulent altar of Gozag.
  1913 | D:2      | Reached skill level 1 in Armour
  1913 | D:2      | Reached skill level 5 in Necromancy
  2397 | D:2      | Reached XP level 4. HP: 21/33 MP: 2/7
  2925 | D:2      | Found a shadowy altar of Dithmenos.
  3261 | D:3      | Noticed a sky beast
  3270 | D:3      | Killed a sky beast
  3270 | D:3      | Gained mutation: You have a pair of small antennae on your head. [demonic ancestry]
  3270 | D:3      | Reached XP level 5. HP: 27/38 MP: 1/9
  3407 | D:3      | Found a radiant altar of Vehumet.
  3414 | D:3      | Found an ancient bone altar of Kikubaaqudgha.
  3423 | D:3      | Found a deep blue altar of Sif Muna.
  3429 | D:3      | Identified Sif Muna's Handbook of the Escort
  3438 | D:3      | Became a worshipper of Kikubaaqudgha
  3708 | D:3      | Noticed Inarius's ghost (amateur DsNe)
  4359 | D:3      | Reached XP level 6. HP: 14/46 MP: 0/11
  4832 | D:4      | Learned a level 3 spell: Regeneration
  4837 | D:4      | Learned a level 4 spell: Animate Dead
  4858 | D:4      | Reached * piety under Kikubaaqudgha
  4858 | D:4      | Identified Kikubaaqudgha's Papyrus of Dark Arts (Kikubaaqudgha gifted it to you on level 4 of the Dungeon)
  4858 | D:4      | Received a gift from Kikubaaqudgha
  4873 | D:4      | Noticed Dowan
  4874 | D:4      | Noticed Duvessa
  4892 | D:4      | Killed Dowan
  4959 | D:4      | Killed Duvessa
  5264 | D:4      | Noticed Blork the orc
  5274 | D:4      | Killed Blork the orc
  5274 | D:4      | Reached skill level 6 in Necromancy
  5274 | D:4      | Gained mutation: You regenerate a little health from kills. [demonic ancestry]
  5274 | D:4      | Reached XP level 7. HP: 37/52 MP: 2/12
  5575 | D:4      | Found a sacrificial altar of Ru.
  5729 | D:4      | Found a burning altar of Makhleb.
  5729 | D:4      | Noticed a blizzard demon
  5733 | D:4      | Noticed a hellwing
  5733 | D:4      | Noticed a smoke demon
  5787 | D:5      | Entered Level 5 of the Dungeon
  5811 | D:5      | Reached skill level 7 in Necromancy
  6266 | D:5      | Noticed a two-headed ogre
  6407 | D:5      | Got an ichor-stained rapier
  6408 | D:5      | Identified the +6 rapier of Grontol {pierce, Dex+4} (You found it on level 5 of the Dungeon)
  6417 | D:5      | Found a stormy altar of Qazlal.
  6463 | D:5      | Reached ** piety under Kikubaaqudgha
  6899 | D:5      | Gained mutation: You may emit foul miasma when damaged in melee. [demonic ancestry]
  6899 | D:5      | Reached XP level 8. HP: 57/60 MP: 9/14
  7260 | D:6      | Reached skill level 8 in Necromancy
  7513 | D:6      | Learned a level 4 spell: Control Undead
  7572 | D:6      | Reached skill level 5 in Spellcasting
  7997 | D:7      | Found a staircase to the Ecumenical Temple.
  8046 | D:7      | Reached skill level 1 in Shields
  8243 | D:7      | Reached skill level 9 in Necromancy
  8422 | D:7      | Found a snail-covered altar of Cheibriados.
  8435 | D:7      | Reached skill level 1 in Evocations
  8435 | D:7      | Gained mutation: You regenerate health from kills. [demonic ancestry]
  8435 | D:7      | Reached XP level 9. HP: 60/66 MP: 17/17
  8577 | D:7      | Reached *** piety under Kikubaaqudgha
  8577 | D:7      | Identified Kikubaaqudgha's Compendium of Evil (Kikubaaqudgha gifted it to you on level 7 of the Dungeon)
  8577 | D:7      | Received a gift from Kikubaaqudgha
  8695 | D:7      | Learned a level 2 spell: Sublimation of Blood
  9067 | D:8      | Got a shimmering dagger
  9084 | D:8      | Identified the +8 dagger of Responsibility {flame, rN+++ Dex+2 Stlth-} (You found it on level 8 of the Dungeon)
  9127 | D:8      | Reached skill level 5 in Fighting
  9389 | D:8      | Reached skill level 10 in Necromancy
  9583 | D:8      | Reached **** piety under Kikubaaqudgha
  9620 | D:8      | Reached skill level 1 in Short Blades
  9832 | D:8      | Found a bloodstained altar of Trog.
  9832 | D:8      | Found a hide-covered altar of Uskayaw.
 10551 | D:9      | Gained mutation: You are mostly covered in icy blue scales. (AC +3) [demonic ancestry]
 10551 | D:9      | Reached XP level 10. HP: 74/74 MP: 20/20
 10734 | D:9      | Found a staircase to the Orcish Mines.
 11216 | D:9      | Found a basalt altar of Yredelemnul.
 11228 | D:9      | Learned a level 5 spell: Dispel Undead
 11412 | D:10     | Entered Level 10 of the Dungeon
 11493 | D:9      | Reached skill level 11 in Necromancy
 11685 | D:10     | Found a runed door.
 11734 | D:10     | Noticed an ice dragon
 11737 | D:10     | Noticed a fire dragon
 11737 | D:10     | Noticed an ice dragon
 11739 | D:10     | Noticed a fire dragon
 11750 | D:9      | Reached ***** piety under Kikubaaqudgha
 11775 | D:10     | Found a runed door.
 11801 | D:10     | Found a staircase to the Lair.
 11879 | D:10     | Found a portal to a secret trove of treasure.
 12445 | D:10     | Noticed a red ugly thing
 12457 | D:10     | Killed a red ugly thing
 12460 | D:10     | Gained mutation: You possess an exceptional clarity of mind. [mutagenic meat]
 12461 | D:10     | Gained mutation: You are covered in fur. (AC +1) [mutagenic meat]
 12533 | D:11     | Noticed Nergalle
 12564 | D:10     | Killed Nergalle
 12564 | D:10     | Reached skill level 1 in Charms
 12729 | D:11     | Noticed Harold
 12761 | D:11     | Killed from afar by Harold

Skill      XL: |  1  2  3  4  5  6  7  8  9 10 |
---------------+-------------------------------+-----
Fighting       | 1 2 3 4 5 6 |  6.0
Armour         | 1 2 3 |  3.1
Necromancy     | 5 6 7 9 10 11 | 11.8
Spellcasting   | 3 4 5 6 7 |  7.9
Dodging        | 2 3 |  3.0
Shields        | 1 3 4 |  4.0
Evocations     | 1 2 3 |  3.9
Short Blades   | 1 2 |  2.4
Charms         | 1 |  1.0
Stealth        | |  1.7
Unarmed Combat | |  0.1

Action                   |  1- 3 |  4- 6 |  7- 9 | 10-12 || total
-------------------------+-------+-------+-------+-------++-------
Melee: Unarmed           |    21 |       |       |       ||    21
       Short sword       |    33 |   103 |    95 |       ||   231
       Rapier            |       |       |   204 |       ||   204
       Dagger            |       |       |    90 |   180 ||   270
 Cast: Pain              |    72 |    87 |    89 |    39 ||   287
       Animate Skeleton  |    15 |    16 |    33 |    10 ||    74
       Vampiric Draining |     2 |    10 |    26 |    22 ||    60
       Animate Dead      |       |     1 |     9 |     8 ||    18
       Control Undead    |       |       |     4 |    10 ||    14
       Regeneration      |       |       |     3 |     5 ||     8
       Sublimation of Bl |       |       |     2 |       ||     2
  Use: Scroll            |     1 |       |    13 |     2 ||    16
       Potion            |       |       |       |     1 ||     1
 Stab: Sleeping          |     3 |       |     5 |       ||     8
       Distracted        |       |       |     1 |     2 ||     3
  Eat: Chunk             |     6 |     6 |    16 |    11 ||    39
       Bread ration      |       |     1 |     1 |     1 ||     3
Armor: Robe              |    12 |       |       |       ||    12
       Leather armour    |     5 |     6 |   112 |    92 ||   215
       Ring mail         |       |    54 |       |       ||    54
Dodge: Dodged            |    51 |    72 |   259 |   121 ||   503
Block: Buckler           |       |       |    51 |    54 ||   105
